 Dungeon Crawl Stone Soup version 0.31-a0-219-g8d62b2e7bb (webtiles) character file.

Game seed: 12803668190264689099

68 Anon1729 the Trooper (level 4, -2/41 HPs)
             Began as a Minotaur Monk on July 3, 2023.
             Killed by divine providence
             ... invoked by an orc priest
              (12 damage)
             ... on level 6 of the Dungeon.
             The game lasted 00:00:45 (2302 turns).

Anon1729 the Trooper (Minotaur Monk)                Turns: 2302, Time: 00:00:45

Health: -2/41      AC: 10    Str: 16    XL:     4   Next: 1%
Magic:  3/3        EV:  8    Int:  7    God:
Gold:   203        SH:  0    Dex: 14    Spells: 3/3 levels left

rFire   . . .        q - +0 dagger (venom)
rCold   . . .        d - orb {light}
rNeg    . . .        s - +0 chain mail
rPois   .            (helmet restricted)
rElec   .            (no cloak)
rCorr   .            (no gloves)
SInv    .            r - +1 pair of boots
Will    .....        (no amulet) Stlth
                     (no ring)
HPRegen 0.26/turn    (no ring)
MPRegen 0.08/turn

%: no passive effects
@: glowing
A: horns 2, retaliatory headbutt
a: no special abilities


You were on level 6 of the Dungeon.
You visited 1 branch of the dungeon, and saw 5 of its levels.

You collected 203 gold pieces.

Inventory:

Hand Weapons
 a - a +0 short sword
 q - a +0 dagger of venom (weapon)
Armour
 b - a +0 robe
 d - an orb of light (worn)
 r - a +1 pair of boots (worn)
 s - a +0 chain mail (worn)
Jewellery
 g - a ring of protection from fire
Wands
 y - a wand of quicksilver (8)
Scrolls
 f - a scroll of torment {unknown}
 i - a scroll of brand weapon {unknown}
 j - 2 scrolls of enchant armour {unknown}
 k - a scroll of vulnerability {unknown}
 m - 2 scrolls of identify {unknown}
 n - a scroll of blinking {unknown}
 p - 2 scrolls of teleportation {unknown}
 t - a scroll of fear {unknown}
 u - 2 scrolls of poison {unknown}
 v - a scroll of silence {unknown}
 w - a scroll of acquirement {unknown}
 x - a scroll of butterflies {unknown}
Potions
 c - a potion of ambrosia
 e - 2 potions of attraction {unknown}
 h - a potion of curing {unknown}
 l - 4 potions of degeneration {unknown}
 o - 3 potions of haste {unknown}


   Skills:
 + Level 4.6 Fighting
 + Level 4.1 Short Blades
 + Level 4.0 Dodging


You had 3 spell levels left.
You didn't know any spells.
Your spell library contained the following spells:

 Spells                   Type           Power      Damage    Failure   Level
 Sting                    Tmut/Pois      0%         1d3       100%        1
 Poisonous Vapours        Pois/Air       0%         N/A       100%        2
 Olgreb's Toxic Radiance  Pois           0%         N/A       100%        4


Dungeon Overview and Level Annotations

Branches:
Dungeon (4/15)             Temple (0/1) D:6

Altars:
Kikubaaqudgha
Zin


Innate Abilities, Weirdness & Mutations

You have a pair of horns on your head.
You reflexively headbutt those who attack you in melee.


Message History

You fall into a shaft and drop 2 floors!
The shaft crumbles and collapses.
Found 13 gold pieces.
You now have 203 gold pieces (gained 13).
An orc and an orc priest come into view.
The orc priest shouts!
An orc comes into view. It is wielding a +0 dagger.
A phantom and a sleepcap come into view.
The orc shouts!
The orc priest invokes the aid of Beogh against you.
Beogh smites you!
Found a scroll labelled HUEBLI BITTIDY and 6 stones.
Found an escape hatch in the floor.
Found a staircase to the Ecumenical Temple.
The orc priest calls down the wrath of Beogh upon you.
Pain shoots through your body!
You see here 11 gold pieces.
You are too injured to fight recklessly!
You are too injured to fight recklessly!
You are too injured to fight recklessly!
You are too injured to fight recklessly!
You are too injured to fight recklessly!
You are too injured to fight recklessly!
You are too injured to fight recklessly!
You are too injured to fight recklessly!
You are too injured to fight recklessly!
The orc attacks as you move away! The orc closely misses you.
The orc attacks as you move away! The orc hits you with a +0 flail.
As you open the door, it creaks loudly! The orc attacks as you move away!
The orc hits you but does no damage. The phantom attacks as you move away!
The phantom hits you.
There is an open door here.
Found a stone staircase leading down.
Found a great mace.
The orc attacks as you move away! The orc hits you with a +0 flail.
* * * LOW HITPOINT WARNING * * *
Found a silvery potion.
The orc priest mumbles some strange prayers to Beogh against you.
Beogh smites you!
You die...

..## #..... >.. .....
..# #...# # #.###.#.##
.###........# !
#######...#..#...#.#...
#......##.#...#.#......
#......##.#..o.@.......
#......##.#.W.#(#...>)#
#.........#..#...#....#
#........oo...........#
#........f###.?.......#
#.........####......###
####.........$......+
#.......f........#
#............#....


You could see a phantom, a sleepcap, an orc priest and 2 orcs.

Vanquished Creatures
  An adder (D:2)
  2 worms (D:2)
  A dart slug (D:2)
  9 bats
  5 endoplasms
  2 giant cockroaches
  A goblin (D:1)
  3 hobgoblins
  5 quokkas
  5 ball pythons
  2 frilled lizards
  7 kobolds
  8 rats
51 creatures vanquished.

Notes
Turn   | Place    | Note
-------+----------+-------------------------------------------
     0 | D:1      | Anon1729 the Minotaur Monk began the quest for the Orb.
     0 | D:1      | Reached XP level 1. HP: 19/19 MP: 0/0
   555 | D:1      | Reached XP level 2. HP: 27/27 MP: 1/1
   999 | D:2      | Reached XP level 3. HP: 26/33 MP: 2/2
  1601 | D:3      | Found a glowing silver altar of Zin.
  1962 | D:3      | Found an ancient bone altar of Kikubaaqudgha.
  2110 | D:3      | Reached XP level 4. HP: 39/41 MP: 3/3
  2278 | D:4      | You fall into a shaft and drop 2 floors!
  2289 | D:6      | Noticed a phantom
  2290 | D:6      | Found a staircase to the Ecumenical Temple.
  2302 | D:6      | Killed from afar by an orc priest

Illustrated notes

Levels and vault maps discovered:
D:1:      spicycebolla_arrival_ecumenical, layout_basic
D:2:      layout_rooms
D:3:      layout_loops_cross, mainiacjoe_overflow_catwalk,
          mainiacjoe_overflow_tiny_flanked, nicolae_elevator_lobby_asterisk
D:4:      layout_cave_pods, mainiacjoe_overflow_two_lobes,
          nicolae_overflow_crystal_walls
D:6:      nicolae_cairo_tiling_very_big, layout_basic,
          minmay_temple_entry_crystal_x

Skill      XL: |  1  2  3 |
---------------+----------+-----
Fighting       | 4 |  4.6
Short Blades   | 4 |  4.1
Dodging        | 4 |  4.0

Action                     |  1- 3 |  4- 6 || total
---------------------------+-------+-------++-------
  Melee: Short sword       |    90 |       ||    90
         Headbutt          |    26 |       ||    26
         Dagger            |    21 |       ||    21
 Armour: Robe              |    13 |       ||    13
         Chain mail        |    12 |     1 ||    13
  Dodge: Dodged            |    58 |     1 ||    59

Table legend: (Time is in decaauts)
 A = Elapsed time spent in this place.
 B = Non-inter-level travel time spent in this place.
 C = Inter-level travel time spent in this place.
 D = Time resting spent in this place.
 E = Time spent auto-exploring this place.
 F = Levels seen in this place.
 G = Mean time per level.
                   A        B        C        D        E       F      G
               +--------+--------+--------+--------+--------+-----+--------+
         Total |   2279 |   2081 |    198 |      0 |   1773 |   5 |  455.8 |
       Dungeon |   2279 |   2081 |    198 |      0 |   1773 |   5 |  455.8 |
               +--------+--------+--------+--------+--------+-----+--------+

Top non-repeatable levels by time:
     D:1: 910 daAuts
     D:2: 672 daAuts
     D:3: 664 daAuts
     D:6: 23 daAuts
     D:4: 8 daAuts
